 Dungeon Crawl Stone Soup version 0.31-a0-655-gf2d5465dac (webtiles) character file.

Game seed: 14193882119342317929

2576674 GordonOverkill the Heavyweight Champion (level 26, 249/249 (288) HPs)
             Began as a Troll Delver on Aug 30, 2023.
             Was the Champion of Ru.
             Escaped with the Orb
             ... and 4 runes!
             The game lasted 02:07:26 (58835 turns).

GordonOverkill the Heavyweight Champion (TrDe)     Turns: 58835, Time: 02:07:26

HP:   249/249 (288) AC: 33    Str: 45    XL:     26   Next: 35%
MP:   20/28         EV:  7    Int: 12    God:    Ru [******]
Gold: 3433          SH: 30    Dex:  9    Spells: 25/25 levels left

rFire   + +          .
                       - Unarmed
rCold   + + .        X - +10 tower shield "Sotreo" {Str+3}
rNeg    + . .        R - +9 scales of the Dragon King {rPois rF+ rC+ Will+}
rPois   +            M - -2 hat of the Alchemist {rElec rPois rF+ rC+ rN+ Will+ rMut rCorr}
rElec   +            O - +2 cloak of Instinct {Str+3}
rCorr   +            (gloves unavailable)
SInv    .            (boots unavailable)
Will    +++..        Q - amulet "Omism" {Reflect Fragile rF+ Regen+ SH+5} Stlth
                     Z - ring "Yfaeh" {Fly rPois Int+6 Dex-2 Slay+5}
HPRegen 2.21/turn    o - ring of Yjuoloz {rC+ MP+9 Str+6 Stlth+}
MPRegen 0.21/turn

%: inaccuracy (-5), reflection, resist mutation
@: exhausted, flying, studying Conjurations, heavily drained
A: large, unfitting armour, claws 3, low MP 1, regeneration 1, shaggy fur 1,
tough skin 1, weak 1, no stealth, no air magic, no hexes magic, no necromancy
magic, disrupted magic 1, missing an eye, temperature sensitive, talons 1,
screaming 1, devolution 1
0: Orb of Zot
}: 4/15 runes: serpentine, barnacled, silver, abyssal
a: Renounce Religion, Draw Out Power, Power Leap, Apocalypse


You escaped.
You worshipped Ru.
Ru was exalted by your worship.
You visited 10 branches of the dungeon, and saw 48 of its levels.
You visited the Abyss 1 time.
You also visited: Trove, Sewer and Gauntlet.

You collected 10340 gold pieces.
You spent 6907 gold pieces at shops.

Inventory:

Missiles
 d - 65 boomerangs
 n - 10 throwing nets (quivered)
 r - 19 curare-tipped darts
Armour
 u - the +2 cloak "Lunlateg" {Will+ Dex+4}
   (You found it in a Gauntlet)

   Dex+4:     It affects your dexterity (+4).
   Will+:     It increases your willpower.
 M - the -2 hat of the Alchemist (worn) {rElec rPois rF+ rC+ rN+ Will+ rMut rCorr}
   (You found it on level 13 of the Dungeon)

   rF+:       It protects you from fire.
   rC+:       It protects you from cold.
   rElec:     It insulates you from electricity.
   rPois:     It protects you from poison rN+: It protects you from negative
   energy.
   Will+:     It increases your willpower.
   rCorr:     It protects you from acid and corrosion.
   rMut:      It protects you from mutation.
 O - the +2 cloak of Instinct (worn) {Str+3}
   (You found it in a Gauntlet)

   Str+3:     It affects your strength (+3).
 R - the +9 scales of the Dragon King (worn) {rPois rF+ rC+ Will+}
   (You found it in a Gauntlet)

   rF+:       It protects you from fire.
   rC+:       It protects you from cold.
   rPois:     It protects you from poison Will+: It increases your willpower.
 X - the +10 tower shield "Sotreo" (worn) {Str+3}
   (You took it off Louise on level 1 of the Depths)

   Str+3:     It affects your strength (+3).
Jewellery
 o - the ring of Yjuoloz (right claw) {rC+ MP+9 Str+6 Stlth+}
   (You took it off a deep elf master archer on level 3 of the Elven Halls)

   [ring of strength]

   Str+6:     It affects your strength (+6).
   rC+:       It protects you from cold.
   MP+9:      It affects your magic capacity (+9).
   Stlth+:    It makes you more stealthy.
 w - a +4 ring of protection
 Q - the amulet "Omism" (around neck) {Reflect Fragile rF+ Regen+ SH+5}
   (You found it on level 2 of the Lair of Beasts)

   [amulet of reflection]

   Reflect:   It reflects blocked missile attacks.
   rF+:       It protects you from fire.
   Regen+:    It increases your rate of health regeneration.
   Fragile:   It will be destroyed if unequipped.
   SH+5:      It affects your SH (+5).
 Z - the ring "Yfaeh" (left claw) {Fly rPois Int+6 Dex-2 Slay+5}
   (You found it on level 4 of the Shoals)

   [ring of intelligence]

   Int+6:     It affects your intelligence (+6).
   Dex-2:     It affects your dexterity (-2).
   Slay+5:    It affects your accuracy & damage with ranged weapons and melee
   (+5).
   rPois:     It protects you from poison Fly: It grants you flight.
Talismans
 W - a blade talisman
Wands
 f - a wand of digging (12)
 k - a wand of paralysis (37)
 l - a wand of mindburst (52)
 y - a wand of acid (20)
 U - a wand of iceblast (43)
Scrolls
 b - 11 scrolls of fog
 c - 4 scrolls of blinking
 g - 32 scrolls of teleportation
 h - 6 scrolls of torment
 i - 3 scrolls of fear
 p - 3 scrolls of silence
 v - 8 scrolls of vulnerability
 z - 24 scrolls of identify
 B - 5 scrolls of immolation
 D - a scroll of amnesia
 N - 3 scrolls of revelation
 P - a scroll of summoning
 V - 5 scrolls of poison
 Y - 6 scrolls of enchant armour
Potions
 a - 6 potions of enlightenment
 e - 4 potions of attraction
 j - 6 potions of haste
 m - 19 potions of curing
 q - 8 potions of lignification
 s - 21 potions of heal wounds
 t - 2 potions of resistance
 x - 15 potions of mutation
 A - 3 potions of ambrosia
 C - 3 potions of invisibility
 F - 2 potions of berserk rage
 H - 5 potions of magic
 J - 7 potions of cancellation
 K - 2 potions of might
Miscellaneous
 E - a phial of floods
 G - a phantom mirror
 I - a tin of tremorstones (2/2)
 T - a lightning rod (4/4)


   Skills:
 + Level 21.1 Fighting
 - Level 16.0 Armour
 - Level 8.0 Dodging
 - Level 10.0 Shields
 O Level 27 Unarmed Combat
 - Level 17.0 Evocations
 - Level 19.0 Shapeshifting


You had 25 spell levels left.
You didn't know any spells.
Your spell library contained the following spells:

 Spells                   Type           Power      Damage    Failure   Level
 Apportation              Tloc           0%         N/A       99%         1
 Foxfire                  Conj/Fire      0%         2x1d4     99%         1
 Freeze                   Ice            0%         1d3       99%         1
 Magic Dart               Conj           0%         1d3       99%         1
 Summon Small Mammal      Summ           0%         N/A       99%         1
 Blink                    Tloc           0%         N/A       100%        2
 Call Imp                 Summ           0%         N/A       100%        2
 Lesser Beckoning         Tloc           0%         N/A       100%        2
 Momentum Strike          Conj/Tloc      0%         3d8       100%        2
 Searing Ray              Conj           0%         2d4       100%        2
 Wereblood                Tmut           0%         N/A       100%        2
 Call Canine Familiar     Summ           0%         N/A       100%        3
 Frozen Ramparts          Ice            0%         1d1       100%        3
 Gell's Gravitas          Tloc           0%         N/A       100%        3
 Hailstorm                Conj/Ice       0%         3d3       100%        3
 Ozocubu's Armour         Ice            0%         N/A       100%        3
 Stone Arrow              Conj/Erth      0%         3d7       100%        3
 Teleport Other           Tloc           0%         N/A       100%        3
 Volatile Blastmotes      Fire/Tloc      0%         2d10      100%        3
 Flame Wave               Conj/Fire      0%         2d4       100%        4
 Iskenderun's Mystic Bla  Conj/Tloc      0%         2d3       100%        4
 Manifold Assault         Tloc           0%         N/A       100%        4
 Olgreb's Toxic Radiance  Pois           0%         N/A       100%        4
 Passage of Golubria      Tloc           0%         N/A       100%        4
 Petrify                  Tmut/Erth      0%         N/A       100%        4
 Sticky Flame             Conj/Fire      0%         2d3       100%        4
 Summon Ice Beast         Ice/Summ       0%         N/A       100%        4
 Irradiate                Conj/Tmut      0%         3d11      100%        5
 Summon Forest            Summ/Tloc      0%         N/A       100%        5
 Dispersal                Tloc           0%         N/A       100%        6
 Eringya's Noxious Bog    Tmut/Pois      0%         4d6       100%        6
 Starburst                Conj/Fire      0%         6d3       100%        6
 Malign Gateway           Summ/Tloc      0%         N/A       100%        7
 Monstrous Menagerie      Summ           0%         N/A       100%        7
 Orb of Destruction       Conj           0%         9d5       100%        7
 Ozocubu's Refrigeration  Ice            0%         4d7       100%        7
 Spellforged Servitor     Conj/Summ      0%         N/A       100%        7
 Summon Hydra             Summ           0%         N/A       100%        7
 Disjunction              Tloc           0%         N/A       100%        8
 Lehudib's Crystal Spear  Conj/Erth      0%         10d2      100%        8
 Dragon's Call            Summ           0%         N/A       100%        9
 Necrotise                Necr           Unusable   1d4       N/A         1
 Sublimation of Blood     Necr           Unusable   N/A       N/A         2
 Dazzling Flash           Conj/Hex       Unusable   N/A       N/A         3
 Inner Flame              Hex/Fire       Unusable   N/A       N/A         3
 Mephitic Cloud           Conj/Pois/Air  Unusable   N/A       N/A         3
 Portal Projectile        Hex/Tloc       Unusable   N/A       N/A         3
 Summon Guardian Golem    Hex/Summ       Unusable   N/A       N/A         3
 Vampiric Draining        Necr           Unusable   2d6       N/A         3
 Dispel Undead            Necr           Unusable   3d6       N/A         4
 Fulminant Prism          Conj/Hex       Unusable   3d5       N/A         4
 Leda's Liquefaction      Hex/Erth       Unusable   N/A       N/A         4
 Vhi's Electric Charge    Tloc/Air       Unusable   N/A       N/A         4
 Agony                    Necr           Unusable   N/A       N/A         5
 Silence                  Hex/Air        Unusable   N/A       N/A         5
 Summon Mana Viper        Hex/Summ       Unusable   N/A       N/A         5
 Yara's Violent Unravell  Hex/Tmut       Unusable   3d3       N/A         5
 Plasma Beam              Fire/Air       Unusable   2x1d10    N/A         6
 Haunt                    Necr/Summ      Unusable   N/A       N/A         7

Dungeon Overview and Level Annotations

Branches:
Dungeon (15/15)            Temple (1/1) D:6            Lair (5/5) D:10
 Shoals (4/4) Lair:3        Snake (4/4) Lair:2        Slime (0/5) Lair:5
    Orc (2/2) D:11            Elf (3/3) Orc:2        Vaults (5/5) D:14
  Crypt (0/3) Vaults:2     Depths (4/4) D:15            Zot (5/5) Depths:4
  Sewer (visited)         Gauntlet (visited)

Altars:
Ashenzari
Cheibriados
Dithmenos
Elyvilon
Fedhas
Gozag
Hepliaklqana
Kikubaaqudgha
Makhleb
Nemelex Xobeh
Okawaru
Qazlal
Ru
Sif Muna
Trog
Uskayaw
Vehumet
Wu Jian
Xom
Yredelemnul
Zin
The Shining One
Jiyva

Shops:
D:3 :   D:6 *?   D:7 [   Orc:1 =   Orc:2 =[*:[   Elf:2 (   Elf:3 [
Snake:1 (**(?   Snake:2 :   Snake:4 (:(   Vaults:1 ((*(   Vaults:3 (
Vaults:4 (   Depths:2 :

Portals:
Hell: Depths:1 Depths:2 Depths:3 Depths:4
Abyss: Depths:1 Depths:3 Depths:4
Pandemonium: Depths:2 Depths:3
Ziggurat: Depths:2

Annotations:
D:7 Amaemon
Shoals:2 2 transporters, Koiklepp's ghost, adept FoFi
Zot:3 1 transporter


Innate Abilities, Weirdness & Mutations

You are too large for most types of armour.
You have claws for hands.
Your magical capacity is low. (-10% MP)
Your natural rate of healing is unusually fast.
You are covered in fur. (AC +1)
You have tough skin. (AC +1)
You are weak. (Str -2)
You cannot be stealthy.
You cannot study or cast Air magic.
You cannot study or cast Hexes magic.
You cannot study or cast Necromancy magic.
Your casting is slightly disrupted.
You are missing an eye, making it more difficult to aim.
You are sensitive to extremes of temperature. (rF-, rC-)
You have sharp toenails.
You occasionally shout uncontrollably at your foes.
You have hidden genetic defects.


Message History

A reaper comes into view. It is wielding a +1 scythe of venom.
There is a stone staircase leading up here.
You fly upwards.
There is a stone staircase leading down here.
What level of the Dungeon? (default 1, ? - help)
An orange demon comes into view.
You block the orange demon's attack. You block the orange demon's attack. x2
You mangle the orange demon!! You claw the orange demon.
The orange demon is heavily wounded.
You barely miss the orange demon. Your kick misses the orange demon.
The orange demon is heavily wounded.
You block the orange demon's attack. x2
You eviscerate the orange demon!!!
You kill the orange demon!
No target in view!
No target in view!
An Orb Guardian comes into view.
There is an open door here.
There is an open door here.
There is an open door here.
There is a staircase leading out of the dungeon here.
You block the Orb Guardian's attack.
You eviscerate the Orb Guardian!!! Your kick misses the Orb Guardian.
The Orb Guardian is heavily wounded.
The Orb Guardian closely misses you.
You barely miss the Orb Guardian. You claw the Orb Guardian!
The Orb Guardian is severely wounded.
The Orb Guardian hits you.
You eviscerate the Orb Guardian!!!
You kill the Orb Guardian!
No target in view!
No target in view!
There is a staircase leading out of the dungeon here.
Activating: Apocalypse
Press: ? - help, Dir - look around, f - activate You reveal the great annihilating truth to your foes!
You feel drained.
There is a staircase leading out of the dungeon here.
You have escaped!

#.#.#.## ≈##'####+####'##≈..
#.##..# ≈≈#.#.......#.#≈≈..
#.###.# ≈≈#.#...8...#.#≈≈#.
#>###.#######≈≈#.+[#####.'.#≈≈..
#............≈≈#.#...8...#.#≈≈..
#.###........≈≈#.#.......#.#≈≈..
#.# ##..##...≈##'####'####+##≈..
#.# #..##...≈#..'.......'..#≈..
##.####..##...≈#@.####'####.⌠#≈.#
#........##.%.≈####≈≈≈.≈≈≈####≈.#
##.####..##...≈≈≈≈≈≈≈≈.≈≈≈≈≈≈≈≈.#
#.# #..##.#....X..##.#.###.##.#
#.# #..##.#.##.#####...# #.##.#
#.# #..##.#.##.### ###.# #.##.#
#.####............# #.###.##>#
#.................# #.....##.#
#.########..####..########..##.#


There were no monsters in sight!

Vanquished Creatures
  5 dread liches
  5 ancient liches
  7 orbs of fire
  The ghost of UrugIsMale the Executioner, a legendary HuBe of Trog (Zot:4)
  Mara (Depths:2)
  3 Killer Klowns (Zot:5)
  Bai Suzhen (Depths:2)
  Vashnia (Snake:4)
  Margery (Depths:4)
  3 curse toes
  A caustic shrike (Depths:1)
  10 golden dragons
  Jory (Vaults:4)
  2 bone dragons
  4 electric golems
  Zenata (Vaults:1)
  27 Orb Guardians
  Rupert (D:14)
  20 tentacled monstrosities
  A Hell Sentinel (Zot:5)
  2 liches (Vaults:5)
  4 quicksilver dragons
  2 sphinxes (Vaults:5)
  2 deep elf blademasters
  15 death cobs
  3 deep elf master archers (Elf:3)
  4 tentacled starspawn (Abyss:3)
  6 titans (Vaults:5)
  Aizul (Snake:1)
  Polyphemus (Shoals:3)
  6 tengu reavers
  A kraken (Shoals:3)
  The ghost of paps the Warrior, an adept DsGl of Gozag (Snake:2)
  7 shadow dragons
  4 draconian monks
  Gastronok (D:8)
  10 nagarajas
  Donald (Vaults:2)
  A fenstrider witch (Zot:5)
  17 storm dragons
  15 fire giants
  8 frost giants
  Ilsuiw (Shoals:4)
  Louise (Depths:1)
  3 draconian scorchers
  6 deep elf sorcerers
  2 ghost moths
  3 iron dragons
  A balrug (Depths:2)
  13 vault wardens
  4 draconian knights
  19 ironbound preservers
  11 draconian shifters
  4 draconian stormcallers
  3 deep elf elementalists (Elf:3)
  A ghoul (Vaults:2)
  2 orc warlords
  2 cacodemons
  3 formless jellyfish
  27 very ugly things
  A quicksilver ooze (Gauntlet)
  8 ironbound thunderhulks
  A reaper (Lair:3)
  2 spriggan defenders (Depths:3)
  7 war gargoyles
  4 draconian annihilators
  13 stone giants
  7 green draconians
  8 vampire knights
  Nessos (D:13)
  A minotaur (Gauntlet)
  10 deep elf demonologists
  10 black draconians
  8 deep elf annihilators
  15 white draconians
  13 purple draconians
  9 red draconians
  A green death (Zot:1)
  7 yellow draconians
  9 spark wasps
  6 dire elephants
  8 deep elf death magi
  3 blizzard demons
  6 merfolk javelineers
  4 fire dragons
  15 ettins
  5 jiangshi
  13 yaktaur captains
  5 entropy weavers
  9 merfolk impalers
  7 great orbs of eyes
  6 deep elf high priests
  Erolcha (D:10)
  2 salamander tyrants (Snake:3)
  6 hydras
  2 hell beasts (Depths:4)
  6 spriggan air magi
  3 ghost crabs (Elf:2)
  4 rakshasas
  A catoblepas (Shoals:3)
  2 ogre magi (Vaults:5)
  3 peacekeepers
  30 vault guards
  8 ice dragons
  5 ironbound frosthearts
  An alligator (Lair:5)
  2 merfolk avatars (Shoals:4)
  15 anacondas
  3 satyrs
  5 alligator snapping turtles
  23 dancing weapons
  7 centaur warriors
  7 two-headed ogres
  27 naga warriors
  7 merfolk aquamancers
  10 death yaks
  11 deep troll shamans
  8 boulder beetles
  14 naga sharpshooters
  A demonic crawler (Abyss:3)
  7 deep troll earth magi
  5 tengu warriors
  3 vampire magi
  A sun demon (Depths:3)
  5 hell knights
  6 spriggan berserkers
  6 shock serpents
  14 deep elf knights
  3 skysharks
  2 soul eaters (Depths:3)
  5 orc high priests
  A sixfirhy (Abyss:3)
  9 sea snakes
  8 skeletal warriors
  10 iron trolls
  6 glowing orange brains
  A shadow wraith (Vaults:5)
  3 salamander mystics
  7 naga ritualists
  67 deep trolls
  A swamp dragon (Lair:5)
  5 necromancers
  5 orc knights
  12 wizards
  24 ironbound convokers
  21 lindwurms
  Pikel (D:5)
  15 deep elf archers
  11 phantasmal warriors
  19 deep elf zephyrmancers
  5 large abominations
  A stone giant zombie (Vaults:5)
  A golden dragon skeleton (Elf:2)
  8 mana vipers
  36 harpies
  8 orc sorcerers
  37 ugly things
  2 wolf spiders
  32 deep elf pyromancers
  13 fauns
  A salamander (shapeshifter) (D:11)
  14 salamanders
  2 cyclopes
  21 moths of wrath
  A sphinx simulacrum (Elf:2)
  An iron dragon skeleton (Elf:2)
  A shining eye (shapeshifter) (Vaults:5)
  2 tengu skeletons (Vaults:5)
  9 manticores
  9 elephants
  2 rust devils
  23 vault sentinels
  12 guardian serpents
  24 black mambas
  9 merfolk sirens
  23 naga magi
  A titan simulacrum (Elf:2)
  A centaur zombie (D:15)
  12 water nymphs
  6 smoke demons
  2 centaur skeletons (D:15)
  An unseen horror (D:11)
  A torpor snail (Lair:2)
  5 orange demons
  Jeremiah (D:9)
  5 rime drakes
  3 gargoyles
  8 cane toads
  Psyche (D:8)
  A spectral naga (Snake:2)
  17 komodo dragons
  31 yaktaurs
  2 ice devils
  2 ancient zymes (Abyss:3)
  2 efreet
  A tormentor (Abyss:3)
  2 tengu conjurers
  7 trolls
  2 hellwings (Depths:3)
  5 wind drakes
  10 polar bears
  29 merfolk
  A tarantella (shapeshifter) (D:13)
  An iron dragon simulacrum (Elf:2)
  A tarantella (Vaults:2)
  3 blink frogs (Lair:5)
  7 raiju
  9 snapping turtles
  A dream sheep (shapeshifter) (Vaults:4)
  4 dream sheep
  A culicivora (Vaults:2)
  A flying skull (Abyss:3)
  6 vampires
  24 slime creatures
  A centaur simulacrum (D:15)
  A spriggan (shapeshifter) (D:13)
  A jumping spider (shapeshifter) (Vaults:5)
  A jumping spider (Vaults:2)
  A ynoxinul (Abyss:3)
  A spriggan skeleton (Depths:1)
  24 yaks
  14 water elementals
  3 wyverns
  A wraith (D:13)
  A human (Lair:3)
  4 fire elementals
  10 basilisks
  3 chaos spawn
  2 steam dragons
  A neqoxec (D:14)
  4 redbacks (Vaults:2)
  7 vampire mosquitoes
  Menkaure (D:6)
  6 wargs
  A harpy simulacrum (D:15)
  6 acid dragons
  13 hell hounds
  53 nagas
  A floating eye (Depths:3)
  13 water moccasins
  A glowing shapeshifter skeleton (Elf:2)
  13 black bears
  4 sky beasts
  A sky beast (shapeshifter) (Vaults:5)
  2 swamp drakes
  Pargi (Sewer)
  34 orc warriors
  9 ogres
  6 small abominations
  43 wolves
  17 centaurs
  2 phantoms
  3 kobold brigands
  7 elf zombies (Elf:1)
  2 gnoll sergeants
  10 bullfrogs
  Blork the orc (D:4)
  2 earth elementals
  A glowing shapeshifter simulacrum (Vaults:5)
  2 scorpions
  22 wights
  17 killer bees
  7 howler monkeys
  4 electric eels
  A crimson imp (Orc:1)
  4 hounds
  3 iron imps
  4 jellies
  A gnoll bouda (D:8)
  28 orc priests
  7 iguanas
  Ijyb (D:4)
  2 sleepcaps
  Natasha (thrice) (D:4)
  42 orc wizards
  17 gnolls
  6 adders
  2 river rats (D:4)
  4 shadow imps
  5 white imps
  4 worms
  3 dart slugs
  82 orcs
  3 bats
  An endoplasm (D:2)
  7 giant cockroaches
  2 goblins (D:2)
  6 hobgoblins
  3 jackals (D:2)
  8 quokkas
  4 ball pythons
  A frilled lizard (D:2)
  16 kobolds
  A rat (D:3)
  5 starspawn tentacles (Abyss:3)
  4 tentacles (Shoals:3)
2212 creatures vanquished.

Vanquished Creatures (others)
  Frederick (Depths:4)
  An electric golem (Zot:5)
  An Orb Guardian (Zot:5)
  A lich (Depths:4)
  A fire giant (Depths:1)
  A draconian scorcher (Zot:4)
  A deep elf demonologist (Elf:3)
  A yellow draconian (Zot:5)
  2 ettins
  2 yaktaur captains
  A deep elf high priest (Elf:3)
  A vault guard (Vaults:5)
  An anaconda (Snake:4)
  A dancing weapon (Elf:2)
  A naga warrior (Snake:1)
  A deep troll shaman (Depths:2)
  A spriggan berserker (Depths:2)
  A shock serpent (Snake:4)
  A hell knight (Depths:4)
  3 deep trolls
  A deep elf pyromancer (Elf:2)
  A deep elf zephyrmancer (Elf:3)
  A salamander (Snake:3)
  2 yaktaurs
  A slime creature (Vaults:2)
  A wraith (Vaults:2)
  A neqoxec (Depths:3)
  A small abomination (Abyss:3)
  9 starspawn tentacles (Abyss:3)
  4 tentacles (Shoals:3)
46 creatures vanquished.

Grand Total: 2258 creatures vanquished

Notes
Turn   | Place    | Note
-------+----------+-------------------------------------------
     0 | D:5      | GordonOverkill the Troll Delver began the quest for the
                  | Orb.
     0 | D:5      | Reached XP level 1. HP: 22/22 MP: 0/0
     1 | D:6      | Noticed an orc wizard
     1 | D:6      | Noticed a centaur
    30 | D:5      | Killed an orc wizard
    31 | D:5      | Reached XP level 2. HP: 14/31 MP: 1/1
    45 | D:5      | Reached XP level 3. HP: 31/37 MP: 2/2
    68 | D:5      | Reached skill level 3 in Unarmed Combat
   217 | D:5      | Noticed an ogre
   233 | D:5      | Killed an ogre
   234 | D:5      | Reached skill level 4 in Unarmed Combat
   234 | D:5      | Reached XP level 4. HP: 12/45 MP: 3/3
   309 | D:5      | Reached skill level 5 in Unarmed Combat
   309 | D:5      | Reached XP level 5. HP: 15/52 MP: 4/4
   379 | D:5      | Reached XP level 6. HP: 36/62 MP: 5/5
   521 | D:6      | Noticed a sky beast
   629 | D:5      | Reached skill level 6 in Unarmed Combat
   785 | D:5      | Killed a sky beast
   786 | D:5      | Reached XP level 7. HP: 51/70 MP: 6/6
   918 | D:6      | Paralysed by a centaur for 2 turns
   922 | D:6      | Reached skill level 7 in Unarmed Combat
   968 | D:6      | Found Ihalos's Assorted Antiques.
   976 | D:6      | Bought a scroll labelled HATUCH MAES for 26 gold pieces
  1086 | D:6      | Found a staircase to the Ecumenical Temple.
  1096 | Temple   | Entered the Ecumenical Temple
  1208 | D:6      | Reached skill level 5 in Fighting
  1286 | D:6      | Found an ancient bone altar of Kikubaaqudgha.
  1383 | D:6      | Found Utwadagh's Magic Scroll Emporium.
  1391 | D:6      | Bought a scroll of identify for 22 gold pieces
  1443 | D:6      | Found an ornate altar of the Wu Jian Council.
  1481 | D:6      | Noticed Menkaure
  1487 | D:6      | Killed Menkaure
  1489 | D:6      | Found a snail-covered altar of Cheibriados.
  1569 | D:7      | Reached XP level 8. HP: 80/80 MP: 7/7
  1683 | D:7      | Found Dyteciri's Antique Armour Shop.
  1692 | D:7      | Reached skill level 8 in Unarmed Combat
  1791 | D:7      | Reached skill level 1 in Evocations
  1895 | D:7      | Noticed a troll
  1908 | D:7      | Killed a troll
  2005 | D:7      | Gained mutation: You are weak. (Str -2) [potion of
                  | mutation]
  2005 | D:7      | Gained mutation: You have sharp toenails. [potion of
                  | mutation]
  2131 | D:7      | Reached skill level 9 in Unarmed Combat
  2131 | D:7      | Reached XP level 9. HP: 69/89 MP: 8/8
  2246 | D:7      | Noticed a deep elf pyromancer
  2269 | D:7      | Killed a deep elf pyromancer
  2370 | D:7      | Reached skill level 10 in Unarmed Combat
  2945 | D:7      | Reached skill level 1 in Armour
  3071 | D:8      | Noticed Gastronok
  3116 | D:8      | Reached XP level 10. HP: 96/97 MP: 9/9
  3188 | D:8      | Noticed Psyche
  3195 | D:8      | Paralysed by Psyche for 2 turns
  3201 | D:8      | Killed Psyche
  3425 | D:8      | Noticed an orange demon
  3426 | D:8      | Noticed Amaemon
  3779 | D:5      | Found a stormy altar of Qazlal.
  3896 | D:5      | Noticed Pikel
  3912 | D:5      | Killed Pikel
  3913 | D:5      | Reached skill level 5 in Armour
  4301 | D:4      | Noticed Natasha
  4310 | D:4      | Killed Natasha
  4366 | D:4      | Found a glowing drain.
  4370 | Sewer    | Entered a sewer
  4483 | Sewer    | Noticed Pargi
  4491 | Sewer    | Killed Pargi
  4597 | D:4      | Noticed Ijyb
  4620 | D:4      | Killed Ijyb
  4749 | D:4      | Noticed Natasha
  4759 | D:4      | Killed Natasha
  4800 | D:4      | Noticed Natasha
  4806 | D:4      | Killed Natasha
  4813 | D:4      | Noticed Blork the orc
  4821 | D:4      | Killed Blork the orc
  4893 | D:4      | Found an opulent altar of Gozag.
  4938 | D:4      | Found a shimmering blue altar of Sif Muna.
  5056 | D:3      | Found a sacrificial altar of Ru.
  5071 | D:3      | Reached skill level 11 in Unarmed Combat
  5332 | D:3      | Found Qaoqooq's Vocational Training.
  5639 | D:3      | Became a worshipper of Ru the Awakened
  6342 | D:1      | Gained mutation: You cannot be stealthy. [Ru sacrifice]
  7264 | D:8      | Killed Gastronok
  7510 | D:8      | Identified the +2 leather armour of Rogoima {Contam rElec
                  | rPois Dex+3}
  7836 | D:9      | Noticed a two-headed ogre
  7840 | D:9      | Killed a two-headed ogre
  7841 | D:9      | Reached XP level 11. HP: 113/115 MP: 10/10
  8055 | D:9      | Noticed Jeremiah
  8059 | D:9      | Reached skill level 12 in Unarmed Combat
  8069 | D:9      | Killed Jeremiah
  8395 | D:10     | Entered Level 10 of the Dungeon
  8452 | D:10     | Noticed a death yak
  8462 | D:10     | Killed a death yak
  8511 | D:10     | Found a staircase to the Lair.
  8623 | D:10     | Noticed Erolcha
  8634 | D:10     | Killed Erolcha
  8952 | D:10     | Gained mutation: Your magical capacity is low. (-10% MP)
                  | [Ru sacrifice]
  8952 | D:10     | Reached * piety under Ru
  9247 | D:11     | Noticed a two-headed ogre
  9254 | D:11     | Killed a two-headed ogre
  9685 | D:11     | Noticed a red ugly thing
  9695 | D:11     | Killed a red ugly thing
  9706 | D:11     | Reached skill level 10 in Fighting
  9881 | D:11     | Noticed a boulder beetle
  9894 | D:11     | Killed a boulder beetle
  9895 | D:11     | Reached XP level 12. HP: 125/126 MP: 9/9
  9915 | D:11     | Found a staircase to the Orcish Mines.
 10307 | D:12     | Noticed a boulder beetle
 10334 | D:12     | Reached skill level 13 in Unarmed Combat
 10368 | D:12     | Killed a boulder beetle
 10570 | D:12     | Noticed a two-headed ogre
 10583 | D:12     | Killed a two-headed ogre
 10936 | D:12     | Identified a scroll of acquirement
 10937 | D:12     | Acquired the +0 ice dragon scales of the Falcon {Drain
                  | rElec rF- rC++ rCorr Str+4}
 10972 | D:13     | Noticed a boulder beetle
 10987 | D:13     | Killed a boulder beetle
 10988 | D:13     | Reached skill level 5 in Evocations
 11148 | D:13     | Noticed a centaur warrior
 11271 | D:13     | Killed a centaur warrior
 11316 | D:13     | Noticed a tengu warrior
 11316 | D:13     | Noticed a tengu warrior
 11350 | D:12     | Killed a tengu warrior
 11477 | D:13     | Killed a tengu warrior
 11683 | D:13     | Noticed Nessos
 11859 | D:13     | Found the -2 hat of the Alchemist {rElec rPois rF+ rC+ rN+
                  | Will+ rMut rCorr}
 11859 | D:13     | Noticed a jiangshi
 11865 | D:13     | Killed a jiangshi
 11888 | D:13     | Found a shadowy altar of Dithmenos.
 11888 | D:13     | Noticed a vampire knight
 11897 | D:13     | Killed a vampire knight
 11898 | D:13     | Reached skill level 14 in Unarmed Combat
 11977 | D:13     | Noticed a jiangshi
 11984 | D:13     | Killed a jiangshi
 12064 | D:13     | Killed Nessos
 12072 | D:13     | Reached XP level 13. HP: 118/135 MP: 10/10
 12801 | D:13     | Found a shadowy altar of Dithmenos.
 13001 | Lair:1   | Entered Level 1 of the Lair of Beasts
 13778 | Lair:1   | Reached skill level 5 in Dodging
 14628 | Lair:2   | Found a staircase to the Snake Pit.
 14802 | Lair:2   | Identified the amulet "Omism" {Reflect Fragile rF+ Regen+
                  | SH+5}
 14819 | Lair:2   | Got Reafomp's Textbook on the Vector
 15431 | Lair:3   | Reached skill level 15 in Unarmed Combat
 15431 | Lair:3   | Found a staircase to the Shoals.
 15844 | Lair:3   | Reached XP level 14. HP: 143/146 MP: 11/11
 16014 | Lair:3   | Found a runed translucent door.
 16128 | Lair:3   | Noticed a reaper
 16141 | Lair:3   | Killed a reaper
 17511 | Lair:5   | Entered Level 5 of the Lair of Beasts
 17534 | Lair:5   | Gained mutation: You are missing an eye, making it more
                  | difficult to aim. [Ru sacrifice]
 17534 | Lair:5   | Reached ** piety under Ru
 17643 | Lair:5   | Found a viscous altar of Jiyva.
 17643 | Lair:5   | Found a staircase to the Slime Pits.
 17696 | Lair:5   | Reached skill level 16 in Unarmed Combat
 18671 | Lair:5   | Got Peruj's Precepts of Execration and Generation
 18718 | Lair:5   | Reached skill level 17 in Unarmed Combat
 18812 | Lair:5   | Gained mutation: You cannot study or cast Air magic. [Ru
                  | sacrifice]
 18812 | Lair:5   | Gained mutation: You cannot study or cast Hexes magic. [Ru
                  | sacrifice]
 18812 | Lair:5   | Gained mutation: You cannot study or cast Necromancy magic.
                  | [Ru sacrifice]
 18812 | Lair:5   | Reached *** piety under Ru
 19001 | Orc:1    | Entered Level 1 of the Orcish Mines
 19114 | Orc:1    | Reached XP level 15. HP: 142/156 MP: 12/12
 19543 | Orc:1    | Found Ginehule's Jewellery Emporium.
 19569 | Orc:1    | You fall into a shaft and drop 1 floor!
 19569 | Orc:2    | Entered Level 2 of the Orcish Mines
 19619 | Orc:2    | Found Juowy's General Store.
 19619 | Orc:2    | Found Rusicu's Jewellery Emporium.
 19619 | Orc:2    | Found Zeurhank's Armour Emporium.
 19688 | Orc:2    | Found Ceibos's Book Shoppe.
 19835 | Orc:2    | Found Lacrin's Antique Armour Shoppe.
 19878 | Orc:2    | Found a staircase to the Elven Halls.
 21250 | D:7      | Bought distressingly furry fire dragon scales for 1885 gold
                  | pieces
 21250 | D:7      | Identified the +1 fire dragon scales of the Miller {Rampage
                  | rF++ rC- Stlth+} (You bought it in a shop on level 7 of the
                  | Dungeon)
 21274 | D:6      | Bought a cyan potion for 23 gold pieces
 21274 | D:6      | Bought a scroll of identify for 52 gold pieces
 21274 | D:6      | Bought a scroll of identify for 52 gold pieces
 21274 | D:6      | Bought 3 scrolls of teleportation for 234 gold pieces
 21432 | D:14     | Noticed Rupert
 21566 | D:14     | Killed Rupert
 21606 | D:14     | Reached skill level 18 in Unarmed Combat
 21615 | D:14     | Found a gate leading to a gauntlet.
 21660 | Gauntlet | Entered a Gauntlet
 21660 | Gauntlet | Found a transporter.
 21663 | Gauntlet | Found a transporter.
 21667 | Gauntlet | Found a transporter.
 21670 | Gauntlet | Found a transporter.
 21670 | Gauntlet | Found a transporter.
 21671 | Gauntlet | Found a transporter.
 21679 | Gauntlet | Found a transporter.
 21680 | Gauntlet | Found a transporter.
 21700 | Gauntlet | Found a transporter.
 21717 | Gauntlet | Found a transporter.
 21721 | Gauntlet | Found a transporter.
 21729 | Gauntlet | Found a transporter.
 21875 | Gauntlet | Identified the +2 cloak of Instinct {Str+3}
 22005 | Gauntlet | Identified the +2 cloak "Lunlateg" {Will+ Dex+4}
 22028 | Gauntlet | Found the +9 scales of the Dragon King {rPois rF+ rC+
                  | Will+}
 22040 | Gauntlet | Identified the +10 plate armour of Ru's Righteous Fury
                  | {rPois MP-9 Dex+4 SInv}
 22265 | D:14     | Found a shimmering altar of Xom.
 22348 | D:14     | Found Zin's Purification Station.
 22353 | D:14     | Found a glowing silver altar of Zin.
 22356 | D:14     | Bought a potion of curing for 90 gold pieces
 22430 | D:14     | Found a gate to the Vaults.
 22575 | D:15     | Entered Level 15 of the Dungeon
 23004 | D:15     | Reached XP level 16. HP: 172/172 MP: 13/13
 23014 | D:15     | Reached skill level 10 in Armour
 23015 | D:15     | Found a staircase to the Depths.
 23109 | D:15     | Mutation became permanent: You are weak. (Str -2) [Ru
                  | sacrifice]
 23109 | D:15     | Gained mutation: You are weak. (Str -2) [Ru sacrifice]
 23109 | D:15     | Reached **** piety under Ru
 23356 | Elf:1    | Entered Level 1 of the Elven Halls
 24044 | Elf:1    | Reached skill level 1 in Shapeshifting
 24287 | Elf:2    | Found Archual's Weapon Emporium.
 24411 | Elf:2    | Identified the +4 long sword of Zosogi {freeze, Will++}
 24548 | Elf:2    | Noticed a bone dragon
 24651 | Elf:2    | Reached skill level 5 in Shapeshifting
 24693 | Elf:2    | Found a runed translucent gate.
 24693 | Elf:2    | Found a runed translucent gate.
 24693 | Elf:2    | Found a runed translucent gate.
 24864 | Elf:2    | Killed a bone dragon
 24927 | Elf:2    | Gained mutation: You are sensitive to extremes of
                  | temperature. (rF-, rC-) [Ru sacrifice]
 24927 | Elf:2    | Reached ***** piety under Ru
 25055 | Abyss:2  | Cast into level 2 of the Abyss (+1 executioner's axe of
                  | distortion)
 25096 | Abyss:3  | Found a corrupted altar of Lugonu.
 25220 | Abyss:3  | Found a corrupted altar of Lugonu.
 25231 | Abyss:3  | Noticed a tentacled starspawn
 25241 | Abyss:3  | Killed a tentacled starspawn
 25244 | Abyss:3  | Found a corrupted altar of Lugonu.
 25308 | Abyss:3  | Noticed a tentacled starspawn
 25319 | Abyss:3  | Killed a tentacled starspawn
 25364 | Abyss:3  | Reached XP level 17. HP: 135/180 MP: 14/14
 25441 | Abyss:3  | Got an abyssal rune of Zot
 25498 | Elf:2    | Escaped the Abyss
 25525 | Elf:2    | Noticed a deep elf blademaster
 25543 | Elf:2    | Killed a deep elf blademaster
 25669 | Elf:2    | Reached skill level 10 in Shapeshifting
 26025 | Elf:3    | Entered Level 3 of the Elven Halls
 26131 | Elf:3    | Noticed a deep elf master archer
 26154 | Elf:3    | Noticed a Brimstone Fiend
 26496 | Elf:3    | Gained mutation: Your casting is slightly disrupted. [Ru
                  | sacrifice]
 26496 | Elf:3    | Reached ****** piety under Ru
 26503 | Elf:3    | Identified the ring of Yjuoloz {rC+ MP+9 Str+6 Stlth+}
 26503 | Elf:3    | Noticed a deep elf master archer
 26510 | Elf:3    | Killed a deep elf master archer
 26537 | Elf:3    | Found Tyot's Antique Armour Emporium.
 26861 | Elf:3    | Killed a deep elf master archer
 26870 | Elf:3    | Noticed an Ice Fiend
 27033 | Elf:3    | Noticed a deep elf master archer
 27039 | Elf:3    | Noticed a deep elf blademaster
 27065 | Elf:3    | Killed a deep elf blademaster
 27127 | Elf:3    | Got the Omnibus of Command
 27147 | Elf:3    | Got Fyhaps's Lectures on Foul Metamorphosis
 27149 | Elf:3    | Got Sif Muna's Collected Works on Grim Injury
 27166 | Elf:3    | Got the Lessons on Nonlocality
 27170 | Elf:3    | Identified the staff of the Boar {Contam +Blink rElec rPois
                  | Int+3 Air}
 27174 | Elf:3    | Killed a deep elf master archer
 27685 | Snake:1  | Entered Level 1 of the Snake Pit
 27712 | Snake:1  | Noticed Aizul
 27732 | Snake:1  | Killed Aizul
 28003 | Snake:1  | Found Maisilu's Assorted Antiques.
 28013 | Snake:1  | Bought a scroll labelled OXEIZ RISUERGH for 36 gold pieces
 28025 | Snake:1  | You fall into a shaft and drop 1 floor!
 28039 | Snake:2  | Reached XP level 18. HP: 189/189 MP: 15/15
 28170 | Snake:2  | Found Lereempe's Book Shop.
 28567 | Snake:1  | Found Hohisy's Magic Scroll Boutique.
 28645 | Snake:1  | Reached skill level 15 in Shapeshifting
 28942 | Snake:1  | Found Dono's Antique Weapon Emporium.
 28956 | Snake:1  | Found Basuden's Assorted Antiques.
 28969 | Snake:1  | Found Wownon's Antique Weapon Shop.
 29043 | Snake:1  | Bought a scroll of blinking for 120 gold pieces
 29652 | Snake:2  | Found a transporter.
 29653 | Snake:2  | Noticed paps's ghost (adept DsGl)
 29701 | Snake:2  | Found a transporter.
 29743 | Snake:2  | Killed paps's ghost
 31333 | Snake:4  | Entered Level 4 of the Snake Pit
 31745 | Snake:4  | Reached XP level 19. HP: 186/197 MP: 16/16
 32344 | Snake:4  | Found Cevulaf's Antique Weapon Boutique.
 32346 | Snake:4  | Found Iguucs's Book Shop.
 32348 | Snake:4  | Found Fimen's Weapon Boutique.
 32874 | Snake:4  | Noticed Vashnia
 32914 | Snake:4  | Killed Vashnia
 33025 | Snake:4  | Got a serpentine rune of Zot
 33081 | Snake:4  | Bought a manual of Armour for 1120 gold pieces
 33234 | Shoals:1 | Entered Level 1 of the Shoals
 33327 | Shoals:1 | Identified the ring of Sin {EV+5 Int+8 Dex+5 Slay-3}
 33788 | Shoals:2 | Noticed Koiklepp's ghost (adept FoFi)
 33801 | Shoals:2 | Identified the amulet of Conversion {Acrobat rC- Regen+
                  | Str+4}
 34174 | Shoals:2 | Found a transporter.
 34176 | Shoals:2 | Found a transporter.
 34455 | Shoals:3 | Reached skill level 19 in Unarmed Combat
 34598 | Shoals:3 | Noticed Polyphemus
 34615 | Shoals:3 | Killed Polyphemus
 34714 | Shoals:3 | Reached skill level 20 in Unarmed Combat
 35220 | Shoals:4 | Entered Level 4 of the Shoals
 35337 | Shoals:4 | Noticed Ilsuiw
 35347 | Shoals:4 | Killed Ilsuiw
 35348 | Shoals:4 | Reached skill level 21 in Unarmed Combat
 35489 | Shoals:4 | Reached XP level 20. HP: 120/206 MP: 17/17
 35653 | Shoals:4 | Reached skill level 22 in Unarmed Combat
 35704 | Shoals:4 | Got a barnacled rune of Zot
 35805 | Shoals:4 | Identified the ring "Yfaeh" {Fly rPois Int+6 Dex-2 Slay+5}
 35980 | Shoals:4 | Identified the +2 pair of gloves of Circular Logic {Drain
                  | rElec rPois Int-3}
 36766 | Depths:1 | Entered Level 1 of the Depths
 37105 | Depths:1 | Reached skill level 23 in Unarmed Combat
 37337 | Depths:1 | Identified the +10 tower shield "Sotreo" {Str+3}
 37337 | Depths:1 | Noticed Louise
 37585 | Depths:1 | Found a one-way gate to the infinite horrors of the Abyss.
 37597 | Depths:1 | Killed Louise
 37649 | Depths:1 | Found a hazy altar of Hepliaklqana.
 37762 | Depths:1 | Found a gateway to Hell.
 38173 | Depths:1 | Reached skill level 1 in Shields
 38220 | Depths:2 | Noticed a golden dragon
 38512 | Depths:1 | Killed a golden dragon
 38548 | Depths:1 | Reached skill level 5 in Shields
 38707 | Depths:2 | Noticed a caustic shrike
 38717 | Depths:1 | Killed a caustic shrike
 38868 | Depths:2 | Reached XP level 21. HP: 209/210 MP: 17/17
 38918 | Depths:2 | Identified the +3 robe "Uqupom" {Int+2}
 38919 | Depths:2 | Found a shimmering blue altar of Sif Muna.
 38919 | Depths:2 | Found a shadowy altar of Dithmenos.
 38921 | Depths:2 | Found a glowing golden altar of the Shining One.
 38921 | Depths:2 | Found a glowing golden altar of the Shining One.
 38933 | Depths:2 | Noticed Bai Suzhen
 39249 | Depths:2 | Found a one-way gateway to a ziggurat.
 39269 | Depths:2 | Noticed Mara
 39276 | Depths:2 | Noticed GordonOverkill's illusion
 39279 | Depths:2 | Killed Mara
 39375 | Depths:2 | Found a one-way gate leading to the halls of Pandemonium.
 39430 | Depths:2 | Killed Bai Suzhen
 39543 | Depths:2 | Identified the +5 flail of the Skies Above {freeze, Int+3}
 39572 | Depths:2 | Found the macabre finger necklace {Finger+ rN+}
 39681 | Depths:2 | Found Equozikk's Book Shop.
 39808 | Depths:3 | Reached skill level 10 in Shields
 39887 | Depths:3 | Noticed a golden dragon
 39892 | Depths:3 | Killed a golden dragon
 40073 | Depths:3 | Reached skill level 15 in Armour
 40327 | Depths:3 | Noticed a golden dragon
 40332 | Depths:3 | Killed a golden dragon
 40933 | Depths:4 | Entered Level 4 of the Depths
 40934 | Depths:4 | Noticed Margery
 40948 | Depths:4 | Killed Margery
 41346 | Depths:4 | Reached skill level 15 in Fighting
 41361 | Depths:4 | Noticed Frederick
 41367 | Depths:4 | Killed Frederick
 41643 | Depths:4 | Reached XP level 22. HP: 168/227 MP: 18/18
 41685 | Depths:4 | Noticed a golden dragon
 41859 | Depths:4 | Killed a golden dragon
 42254 | Depths:4 | Found a gate to the Realm of Zot.
 42305 | Depths:4 | Noticed a golden dragon
 42313 | Depths:4 | Killed a golden dragon
 42521 | Vaults:1 | Entered Level 1 of the Vaults
 42618 | Vaults:1 | Found Noupap's Antique Weapon Shop.
 42856 | Vaults:1 | Noticed Zenata
 42883 | Vaults:1 | Killed Zenata
 42965 | Vaults:1 | Found Kuuteete's Antique Weapon Boutique.
 43213 | Vaults:1 | Found Powkomee's General Store.
 43217 | Vaults:1 | Bought a potion of invisibility for 144 gold pieces
 43544 | Vaults:1 | Found Fegubb's Weapon Shoppe.
 43949 | Vaults:2 | Identified the +4 whip "Viez" {heavy, rCorr SInv}
 44581 | Vaults:2 | Found a staircase to the Crypt.
 44583 | Vaults:2 | Identified the +1 kite shield of Gehenna {rN++}
 44583 | Vaults:2 | Noticed Donald
 44586 | Vaults:2 | Killed Donald
 45431 | Vaults:3 | Reached XP level 23. HP: 229/246 MP: 19/19
 45592 | Vaults:3 | Found a portal to a secret trove of treasure.
 45958 | Vaults:3 | Found Erolis's Weapon Shoppe.
 46186 | Vaults:3 | You paid a toll of 3 scrolls of blinking to enter a
                  | treasure trove
 46187 | Trove    | Entered a treasure trove
 46206 | Trove    | Identified the +6 orcbow "Paicof" {speed, MP+9 Str+7}
 46208 | Trove    | Identified the amulet "Henimum" {Spirit rF+}
 46214 | Trove    | Identified the +1 kite shield of the Known World {*Corrode
                  | rElec rPois Dex-4}
 46299 | Vaults:4 | Found Atuluale's Weapon Shoppe.
 46366 | Vaults:4 | Found a runed translucent door.
 46419 | Vaults:4 | Identified the +0 scale mail of Bumomant {rPois rCorr}
 46420 | Vaults:4 | Identified the ring "Itith" {Will+ MP+9}
 46427 | Vaults:4 | Identified the +10 great mace "Sinesic" {antimagic, rPois
                  | Int+4}
 46780 | Vaults:4 | Noticed Jory
 46791 | Vaults:4 | Killed Jory
 46847 | Vaults:4 | Reached skill level 10 in Evocations
 47257 | Vaults:5 | Entered Level 5 of the Vaults
 47878 | Vaults:5 | Noticed a dread lich
 47891 | Vaults:5 | Killed a dread lich
 47921 | Vaults:5 | Got a silver rune of Zot
 48066 | Vaults:5 | Noticed an ancient lich
 48066 | Vaults:5 | Noticed a dread lich
 48081 | Vaults:5 | Killed an ancient lich
 48289 | Vaults:5 | Identified the +3 hand axe "Gelecs Cetz" {freeze, rF+
                  | Dex+3}
 48310 | Vaults:5 | Reached XP level 24. HP: 141/265 MP: 19/19
 48462 | Vaults:5 | Noticed a dread lich
 48472 | Vaults:5 | Killed a dread lich
 48572 | Vaults:5 | Killed a dread lich
 48573 | Vaults:5 | Reached skill level 24 in Unarmed Combat
 48896 | Vaults:5 | Identified the +7 quarterstaff "Edaic" {holy, rC+ MP+9
                  | Dex+2}
 49150 | Vaults:5 | Identified the +0 scale mail of Amelioration {*Slow rC+++
                  | Will- Regen+}
 49342 | Vaults:5 | Noticed an ancient lich
 49347 | Vaults:5 | Killed an ancient lich
 49362 | Vaults:5 | Got Viutuf's Theurgy, Part Four
 49367 | Vaults:5 | Identified the +1 robe "Yla Liw" {Rampage rCorr Str-4}
 49479 | Vaults:5 | Acquired a manual of Evocations
 49482 | Vaults:5 | Acquired 767 gold pieces
 49850 | Zot:1    | Entered Level 1 of the Realm of Zot
 49906 | Zot:1    | Reached skill level 25 in Unarmed Combat
 50500 | Zot:1    | Noticed an orb of fire
 50508 | Zot:1    | Gained mutation: You have hidden genetic defects. [an orb
                  | of fire]
 50521 | Zot:1    | Killed an orb of fire
 51327 | D:3      | Bought a manual of Evocations for 880 gold pieces
 51616 | Snake:1  | Bought a tin of tremorstones (2/2) for 1440 gold pieces
 51616 | Snake:1  | Bought a scroll of fog for 144 gold pieces
 51616 | Snake:1  | Bought a potion of curing for 108 gold pieces
 51816 | D:6      | Bought a scroll of fog for 44 gold pieces
 51816 | D:6      | Bought a scroll of teleportation for 33 gold pieces
 51816 | D:6      | Bought a scroll of fear for 44 gold pieces
 51816 | D:6      | Bought a scroll of blinking for 82 gold pieces
 52058 | Snake:1  | Bought a scroll of teleportation for 48 gold pieces
 52058 | Snake:1  | Bought a scroll of teleportation for 48 gold pieces
 52058 | Snake:1  | Bought a scroll of revelation for 120 gold pieces
 52058 | Snake:1  | Bought a scroll of teleportation for 48 gold pieces
 52058 | Snake:1  | Bought a scroll of vulnerability for 64 gold pieces
 53423 | Zot:3    | Reached XP level 25. HP: 261/273 MP: 19/19
 53627 | Zot:3    | Found a transporter.
 53978 | Zot:4    | Reached skill level 15 in Evocations
 54148 | Zot:5    | Entered Level 5 of the Realm of Zot
 54523 | Zot:4    | Gained mutation: You occasionally shout uncontrollably at
                  | your foes. [hidden defects]
 54630 | Zot:4    | Noticed UrugIsMale's ghost (legendary HuBe)
 54639 | Zot:4    | Found a runed translucent gate.
 54639 | Zot:4    | Found a runed translucent gate.
 54639 | Zot:4    | Found a runed translucent gate.
 55079 | Zot:4    | Killed UrugIsMale's ghost
 55225 | Zot:4    | Identified the +1 pair of boots of Whack-A-Mole {Int+4}
 56137 | Zot:5    | Noticed an ancient lich
 56144 | Zot:5    | Killed an ancient lich
 56254 | Zot:5    | Noticed an ancient lich
 56262 | Zot:5    | Killed an ancient lich
 56322 | Zot:5    | Noticed a Killer Klown
 56326 | Zot:5    | Noticed an orb of fire
 56467 | Zot:5    | Noticed a Killer Klown
 56482 | Zot:5    | Killed an orb of fire
 56483 | Zot:5    | Reached skill level 26 in Unarmed Combat
 56484 | Zot:5    | Noticed an orb of fire
 56495 | Zot:5    | Killed an orb of fire
 56500 | Zot:5    | Killed a Killer Klown
 56944 | Zot:5    | Noticed a Killer Klown
 56957 | Zot:5    | a Killer Klown changed into a fenstrider witch
 56975 | Zot:5    | Killed a Killer Klown
 57092 | Zot:5    | Noticed an ancient lich
 57112 | Zot:5    | Killed an ancient lich
 57127 | Zot:5    | Noticed a Killer Klown
 57140 | Zot:5    | Killed a Killer Klown
 57172 | Zot:5    | Noticed a dread lich
 57213 | Zot:5    | Killed a dread lich
 57297 | Zot:5    | Noticed an orb of fire
 57307 | Zot:5    | Killed an orb of fire
 57376 | Zot:5    | Noticed an orb of fire
 57393 | Zot:5    | Killed an orb of fire
 57545 | Zot:5    | Reached XP level 26. HP: 283/283 MP: 19/19
 57554 | Zot:5    | Reached skill level 27 in Unarmed Combat
 57714 | Zot:5    | Noticed an orb of fire
 57980 | Zot:5    | Noticed an orb of fire
 57993 | Zot:5    | Killed an orb of fire
 58066 | Zot:5    | Noticed an orb of fire
 58078 | Zot:5    | Killed an orb of fire
 58185 | Zot:5    | Noticed a dread lich
 58193 | Zot:5    | Killed a dread lich
 58308 | Zot:5    | Got the Orb of Zot
 58835 | D:$      | Escaped with the Orb!

Illustrated notes

Levels and vault maps discovered:
D:1:      heliophobic_arrival_glass_houses, layout_loops_ring, minivault_4
D:2:      layout_basic, serial_park_tiny_pond
D:3:      layout_basic, amcnicky_altar_gilded, nicolae_shop_vocational
D:4:      layout_basic, grunt_gozag_statues, kennysheep_mini,
          gup_sewer_entry_spiral, nrook_mini_vaults, uniq_ijyb, uniq_natasha,
          uniq_blork_the_orc
D:5:      nicolae_BIG_FREAKIN_CUBE, layout_cave_pools,
          nicolae_qazlal_scattered_showers, roderic_serpentine_path,
          minivault_5, uniq_pikel
D:6:      layout_loops_ring, kennysheep_little_box, kennysheep_slug_shrine,
          general_overflow_altar, minmay_temple_entry_statues_fountains,
          serial_shops, nicolae_stop_n_shop_2, nicolae_shop_just_a_little_nook,
          grunt_ministairs_15, uniq_menkaure
D:7:      cheibrodos_fzero, layout_basic, serial_shops, shop,
          nicolae_water_bricks
D:8:      layout_rooms, uniq_psyche, uniq_amaemon, uniq_gastronok
D:9:      layout_basic, uniq_jeremiah
D:10:     layout_cave_pools, david_lair_generic, amcnicky_mini_corridor_feature,
          palyth_stone_intersect, chequers_arboretum, uniq_erolcha
D:11:     layout_loops_cross, orc_0_dummy, st_stairs_12
D:12:     layout_basic
D:13:     layout_basic, nicolae_nh_vlads_tower, uniq_nessos
D:14:     layout_rooms, david_vaults_1, gauntlet_entry_generic,
          xom_teletrap_fun, zin_purify, uniq_rupert
D:15:     grunt_enter_depths_magical_seal, layout_long_grid,
          hangedman_abyss_or_decor_passed
Temple:   hellmonk_temple_of_storms
Lair:1:   layout_chaotic_city, dpeg_stationary_puzzle, grunt_megastairs_4
Lair:2:   layout_misc_corridors, nicolae_snake_entry_squirm,
          minmay_lindwurm_lava
Lair:3:   layout_layer_cave, elwin_shoals_entry_stream,
          pdpol_lair_cabin_in_the_woods
Lair:4:   layout_gridlike
Lair:5:   hangedman_lair_caniforms_friends, layout_hall_layers,
          guppyfry_lair_end_dragon, slime_entry_1
Shoals:1: layout_shoals
Shoals:2: layout_shoals, ebering_ghost_davey_jones
Shoals:3: layout_shoals, uniq_polyphemus
Shoals:4: shoals_end_simple, layout_shoals, shoal_ilsuiw
Snake:1:  layout_misc_corridors, serial_shops, shop,
          nicolae_shop_tiny_waterfront, shop, shop, shop,
          beargit_elvish_explorers, serial_bayou_shore_a, uniq_aizul
Snake:2:  layout_layer_cave, gammafunk_ghost_arena, serial_shops,
          nicolae_shop_peninsula, special_room,
          nicolae_snake_ghostly_warrior_ritual
Snake:3:  layout_layer_cave
Snake:4:  grunt_snake_rune_serpentine_throne, layout_misc_corridors,
          nicolae_snake_round_shape_thing, minmay_shop_star
Orc:1:    orc_temple, layout_caves, serial_shops, shop, hangedman_minor_magic
Orc:2:    st_orc_mages, layout_caves, serial_shops, shop
Elf:1:    nicolae_elf_arrival_fired_up, layout_geoelf_grid,
          minmay_elf_necromancy
Elf:2:    elven_hall_of_blades_hangedman_original [nicolae_blade_little_rooms],
          layout_geoelf_octagon, serial_shops, shop,
          hangedman_research_thanatology
Elf:3:    minmay_elf_hall_quartered_circle, layout_gridlike, serial_shops, shop
Vaults:1: hangedman_vaults_cutoff, hangedman_vaults_maws,
          hangedman_vaults_stitches, nicolae_vaults_storage_closets_1, v_misc_2,
          ontoclasm_vaults_tryst, nicolae_vaults_offset_grid_hallway_2,
          ontoclasm_vaults_spin, ontoclasm_vaults_twist,
          nicolae_vaults_angled_halls, nicolae_vaults_trapezoid_2,
          ontoclasm_vaults_gateway, layout_vaults_omnicross, serial_shops,
          nicolae_shop_tiny_statue_garden, nicolae_shop_back_alley_shop, shop,
          nicolae_shop_bloodbath_and_beyond, uniq_zenata
Vaults:2: hangedman_vaults_maws, vaults_room_fancy_cross,
          nicolae_vaults_sealed_display, nicolae_vaults_trapezoid_1,
          v_alt_pattern_6, nicolae_vaults_trapezoid_lopsided_4,
          nicolae_vaults_specimen_jars, nicolae_vaults_windows_and_doors_thing,
          vaults_dpeg_encased_lava, hangedman_vaults_cutoff,
          nicolae_vaults_mini_display_case, nicolae_vaults_little_squares_3,
          layout_vaults_omnibox, minmay_crypt_entry_simple_walls, uniq_donald
Vaults:3: nicolae_vaults_storage_closets_3, v_rooms_4,
          nicolae_vaults_big_angled_halls, vaults_standard_mumra_lines,
          nicolae_vaults_tangram_1, ontoclasm_vaults_hangar,
          nicolae_vaults_house_3, nicolae_vaults_taking_the_gang_shopping,
          nicolae_vaults_heart-shaped_vault, layout_vaults_chaotic_city,
          nicolae_trove_entry_free_sample
Vaults:4: vaults_mumra_lcd, vaults_room_grunt_arrival_checkpoint,
          nicolae_vaults_alarming, vaults_dpeg_spiral, nicolae_vaults_diamond_1,
          nicolae_vaults_asterisk, v_rooms_3, v_misc_3, v_misc_29,
          nicolae_vaults_oozy_zoo, nicolae_vaults_house_2,
          nicolae_vaults_tetromino_Z_1, nicolae_vaults_diamond_2,
          nicolae_vaults_closet_pinwheel_2, layout_vaults_maze_bifur,
          serial_shops, nicolae_shop_window_shopping, uniq_jory
Vaults:5: serial_shops
Depths:1: layout_honeycomb, serial_sigils, serial_sigils_hangedman_scratch,
          serial_sigils_hangedman_writhe, serial_sigils_hangedman_etch,
          serial_sigils_hangedman_leer, grunt_hell_entry_dis_grunt,
          nicolae_abyss_entry_one_way_or_another, minmay_stone_trees_medium,
          nicolae_hepliaklqana_hazy_memory
Depths:2: minmay_the_grid_octo_tiled_squarecenter_mashed
          [minmay_the_grid_octo_vomiting_pacman, minmay_the_grid_octo_teeth,
          minmay_the_grid_octo_shrine, minmay_the_grid_octo_clover_2,
          minmay_the_grid_square_5x5_megaprize_crossed,
          minmay_the_grid_square_5x5_shrine2, minmay_the_grid_square_5x5_lines,
          minmay_the_grid_square_5x5_plus,
          minmay_the_grid_square_5x5_spiral_small], layout_cave_pools,
          enter_ziggurat_b, hangedman_decor_peaks_small, serial_shops,
          shop_statue, grunt_pan_entry_in_and_out, hell_entry, uniq_mara,
          uniq_bai_suzhen
Depths:3: minmay_open_boxes_in_corner, layout_basic, serial_rivers,
          chequers_serial_rivers_small_a, chequers_serial_rivers_large_a,
          chequers_serial_rivers_small_b, chequers_serial_rivers_room_b,
          chequers_serial_rivers_marsh, chequers_serial_rivers_micro_a,
          abyss_entry_crystal, hell_entry, grunt_pan_entry_zigzag
Depths:4: grunt_twist_and_shout, layout_gridville, grunt_mini_vestibule,
          hangedman_decor_push, hangedman_abyss_entry_splay, uniq_frederick,
          uniq_margery
Zot:1:    layout_concentric_octagons
Zot:2:    layout_onion_interference
Zot:3:    layout_misc_corridors, st_single_dragon_hoard_1, nicolae_diode_basic
Zot:4:    layout_onion, gammafunk_ghost_split
Zot:5:    layout_cellular_growth, nicolae_zot_crop_circle

Skill      XL: |  1  2  3  4  5  6  7  8  9 10 11 12 13 14 15 16 17 18 19 20 21 22 23 24 25 26 |
---------------+-------------------------------------------------------------------------------+-----
Fighting       | 3 4 5 6 8 9 10 11 12 14 15 18 20 21 | 21.1
Unarmed Combat | 4 5 6 7 9 10 11 12 14 15 17 18 21 23 25 26 27 | 27.0
Dodging        | 2 6 8 |  8.0
Evocations     | 3 5 6 8 10 14 17 | 17.0
Armour         | 2 5 8 9 12 14 16 | 16.0
Stealth        | 0 |  0.0
Shapeshifting  | 8 13 17 19 | 19.0
Shields        | 7 10 | 10.0

Action                     |  1- 3 |  4- 6 |  7- 9 | 10-12 | 13-15 | 16-18 | 19-21 | 22-24 | 25-27 || total
---------------------------+-------+-------+-------+-------+-------+-------+-------+-------+-------++-------
  Melee: Unarmed           |    42 |    51 |   233 |   642 |  1351 |  1504 |  1572 |  1603 |   676 ||  7674
         Punch             |       |     1 |     9 |    41 |    90 |   131 |    83 |       |       ||   355
         Kick              |       |       |    27 |   158 |   338 |   367 |   470 |   582 |   204 ||  2146
  Throw: Dart              |       |     1 |       |     1 |       |       |       |       |       ||     2
         Boomerang         |       |       |    10 |     2 |       |     1 |     2 |     1 |       ||    16
         Throwing net      |       |       |       |       |       |       |       |     1 |     4 ||     5
 Invoke: Sacrifice Stealth |       |       |       |     1 |       |       |       |       |       ||     1
         Sacrifice Essence |       |       |       |     1 |       |     1 |       |       |       ||     2
         Reject Sacrifices |       |       |       |     1 |     1 |       |       |       |       ||     2
         Sacrifice Arcana  |       |       |       |       |     1 |       |       |       |       ||     1
         Sacrifice an Eye  |       |       |       |       |     1 |       |       |       |       ||     1
         Sacrifice Purity  |       |       |       |       |       |     1 |       |       |       ||     1
         Sacrifice Resista |       |       |       |       |       |     1 |       |       |       ||     1
         Apocalypse        |       |       |       |       |       |     1 |       |       |     1 ||     2
         Draw Out Power    |       |       |       |       |       |       |       |       |     1 ||     1
  Evoke: Wand              |       |       |    10 |     3 |    26 |     6 |       |     2 |     1 ||    48
         Lightning rod     |       |       |       |       |     3 |     4 |       |       |       ||     7
         Phantom mirror    |       |       |       |       |       |       |       |       |     1 ||     1
    Use: Scroll            |     1 |       |     2 |    19 |    11 |     5 |     7 |    13 |     6 ||    64
         Potion            |       |       |     1 |     5 |     3 |     5 |     1 |     1 |     7 ||    23
   Stab: Sleeping          |       |       |     4 |    13 |       |       |       |       |       ||    17
         Paralysed         |       |       |     3 |     7 |       |     9 |     6 |     8 |       ||    33
         Distracted        |       |       |       |     2 |     4 |     8 |     3 |     5 |     1 ||    23
         Confused          |       |       |       |       |     2 |       |       |       |       ||     2
         Invisible         |       |       |       |       |     2 |    19 |    12 |     6 |     8 ||    47
 Armour: Robe              |    13 |     9 |    34 |       |       |       |       |       |       ||    56
         Steam dragon scal |       |       |    17 |   335 |       |       |       |       |       ||   352
         Ice dragon scales |       |       |       |    83 |   561 |       |       |       |       ||   644
         Gold dragon scale |       |       |       |       |    80 |   834 |   756 |   498 |   192 ||  2360
  Dodge: Dodged            |    10 |    23 |   107 |   344 |   521 |   321 |   313 |   156 |    59 ||  1854
  Block: Other             |       |       |       |       |   184 |   185 |   115 |       |       ||   484
         Reflection        |       |       |       |       |     7 |    18 |    16 |    85 |    12 ||   138
         Tower shield      |       |       |       |       |       |       |   878 |  1581 |   466 ||  2925
   Form: Blade             |       |       |       |       |       |     2 |     1 |       |       ||     3
                           |       |       |       |       |       |     2 |     1 |       |       ||     3

Table legend: (Time is in decaauts)
 A = Elapsed time spent in this place.
 B = Non-inter-level travel time spent in this place.
 C = Inter-level travel time spent in this place.
 D = Time resting spent in this place.
 E = Time spent auto-exploring this place.
 F = Levels seen in this place.
 G = Mean time per level.
                   A        B        C        D        E       F      G
               +--------+--------+--------+--------+--------+-----+--------+
         Total |  56965 |  51557 |   5408 |   8734 |  27583 |  53 | 1074.8 |
       Dungeon |  16176 |  13629 |   2547 |   2339 |   7659 |  15 | 1078.4 |
        Temple |     48 |     38 |     10 |      0 |      0 |   1 |   48.0 |
          Lair |   6258 |   5609 |    649 |   1067 |   3255 |   5 | 1251.6 |
        Shoals |   3155 |   3023 |    132 |    264 |   1943 |   4 |  788.8 |
     Snake Pit |   5287 |   4844 |    443 |    517 |   2791 |   4 | 1321.8 |
  Orcish Mines |   2056 |   1916 |    140 |    172 |   1143 |   2 | 1028.0 |
   Elven Halls |   3565 |   3353 |    212 |    597 |   1603 |   3 | 1188.3 |
        Vaults |   6778 |   6469 |    309 |    486 |   3873 |   5 | 1355.6 |
        Depths |   5752 |   5143 |    609 |    966 |   2550 |   4 | 1438.0 |
           Zot |   6849 |   6495 |    354 |   2239 |   2358 |   5 | 1369.8 |
         Abyss |    384 |    384 |      0 |      1 |    120 |   2 |  192.0 |
         Trove |     36 |     36 |      0 |      0 |      0 |   1 |   36.0 |
         Sewer |    166 |    166 |      0 |      0 |     92 |   1 |  166.0 |
      Gauntlet |    448 |    448 |      0 |     85 |    196 |   1 |  448.0 |
               +--------+--------+--------+--------+--------+-----+--------+

Top non-repeatable levels by time:
   Zot:5: 3020 daAuts
Depths:1: 2236 daAuts
    D:13: 2147 daAuts
     D:7: 2015 daAuts
Vaults:5: 1862 daAuts
  Lair:1: 1659 daAuts
 Snake:4: 1658 daAuts
  Lair:3: 1506 daAuts
Depths:3: 1494 daAuts
   Elf:2: 1416 daAuts
Vaults:1: 1387 daAuts
     D:9: 1378 daAuts
     D:5: 1320 daAuts
   Orc:1: 1304 daAuts
 Snake:3: 1294 daAuts
